 Dungeon Crawl Stone Soup version 0.30.0-29-ga12c61a403 (webtiles) character file.

Game seed: 9288209161393351226

321 Josd the Charlatan (level 7, -2/56 HPs)
             Began as a Meteoran Artificer on June 20, 2023.
             Slain by an ogre
             ... wielding a +0 giant spiked club
              (9 damage)
             ... on level 4 of the Dungeon.
             The game lasted 00:08:12 (1803 turns).

Josd the Charlatan (Meteoran Artificer)             Turns: 1803, Time: 00:08:12

Health: -2/56      AC:  7    Str: 15    XL:     7   Next: 5%
Magic:  8/8        EV: 10    Int: 14    God:
Gold:   147        SH:  0    Dex: 14    Spells: 6/6 levels left

rFire   . . .        s - +0 glaive
rCold   . . .        (shield currently unavailable)
rNeg    . . .        b - +0 scale mail
rPois   .            (no helmet)
rElec   .            (no cloak)
rCorr   .            (no gloves)
SInv    .            (no boots)
Will    .....        k - amulet of the acrobat Stlth
                     (no ring)
HPRegen 0.29/turn    (no ring)
MPRegen 0.11/turn

%: acrobat
@: glowing
A: sense surroundings 1, otherworldly, glowing, explore regen
a: no special abilities


You were on level 4 of the Dungeon.
You visited 1 branch of the dungeon, and saw 4 of its levels.

You collected 147 gold pieces.

Inventory:

Hand Weapons
 a - a +0 club
 i - a +0 hand axe
 m - a +0 spear
 s - a +0 glaive (weapon)
Armour
 b - a +0 scale mail (worn)
Magical Staves
 v - a staff of death
Jewellery
 f - an amulet of magic regeneration
 k - an amulet of the acrobat (around neck)
Wands
 d - a wand of charming (15)
 e - a wand of iceblast (5)
Scrolls
 g - 2 scrolls of noise {unknown}
 p - 2 scrolls of teleportation {unknown}
 u - 2 scrolls of enchant weapon {unknown}
Potions
 h - a potion of ambrosia
 j - a potion of mutation {unknown}
 l - a potion of heal wounds {unknown}
 o - a potion of attraction {unknown}
 q - 3 potions of curing {unknown}
 r - a potion of lignification {unknown}
 t - a potion of brilliance {unknown}


   Skills:
 + Level 2.6 Fighting
 + Level 1.3(2.6) Axes
 + Level 0.2(1.0) Maces & Flails
 + Level 3.5(3.7) Polearms
 + Level 4.5 Armour
 + Level 2.3 Dodging
 + Level 0.6 Stealth
 + Level 5.0 Evocations


You had 6 spell levels left.
You didn't know any spells.
Your spell library was empty.

Dungeon Overview and Level Annotations

Branches:
Dungeon (4/15) Zot: 544
 Temple: D:4-7

Altars:


Innate Abilities, Weirdness & Mutations

You passively map a small area around you.
You are easily found by Zot.
You glow in the dark.
You regain HP and MP as you explore.


Message History

Found a stone staircase leading up.
There is an open door here.
There is an open door here.
Zot draws nearer.
Dive deeper or flee this branch before you suffer!
You see here a bat skeleton.
There is a stone staircase leading down here.
Zot has nearly found you.
Suffering is imminent.
Descend or flee this branch!
There is a stone staircase leading down here.
You climb downwards.
As you enter the new level, Zot loses track of you.
Found a lajatang.
Found a stone staircase leading down.
There is a stone staircase leading up here.
Found a robe.
Found an escape hatch in the floor.
An ogre comes into view. It is wielding a +0 giant spiked club.
The ogre shouts!
Aiming: Throw Flame
Press: ? - help, Q - select action, (/) - cycle Shift-Dir - straight line, f - ogre
Aim: an ogre, wielding a +0 giant spiked club (88% to hit)
The puff of flame misses the ogre.
Aiming: Throw Flame
Press: ? - help, Q - select action, (/) - cycle Shift-Dir - straight line, f/p - ogre
Aim: an ogre, wielding a +0 giant spiked club (88% to hit)
The puff of flame hits the ogre!
The ogre is moderately wounded.
The now-empty wand crumbles to dust.
The ogre hits you with a +0 giant spiked club!
You hit the ogre but do no damage.
The ogre is moderately wounded.
The ogre misses you.
You barely miss the ogre.
The ogre is moderately wounded.
The ogre hits you with a +0 giant spiked club!
You slash the ogre!
The ogre is almost dead.
The ogre hits you with a +0 giant spiked club!!
* * * LOW HITPOINT WARNING * * *
You closely miss the ogre.
The ogre is almost dead.
The ogre hits you with a +0 giant spiked club!
You die...

#........#..........#.##
#........#..........#...
#..........###..###...##
#..>......## #..# ##....
#........## ##..## ##.##
#.......)####....####...
#.........##..##..##...#
#......................#
#####@..######......##
#....O#### #.......#
#..... * * #.........
#.....* , #.......#.
######* * , ........##.
* .###.....# , ....... ,
* ,


You could see an ogre.

Vanquished Creatures
  Sigmund (D:3)
  Natasha (twice) (D:3)
  4 adders (D:2)
  A gnoll (D:1)
  A worm (D:2)
  2 dart slugs (D:3)
  4 orcs (D:3)
  7 ball pythons
  5 endoplasms (D:1)
  A giant cockroach (D:1)
  5 goblins
  4 hobgoblins
  2 quokkas
  5 bats
  6 kobolds (D:1)
  4 rats
54 creatures vanquished.

Notes
Turn   | Place    | Note
-------+----------+-------------------------------------------
     0 | D:1      | Josd the Meteoran Artificer began the quest for the Orb.
     0 | D:1      | Reached XP level 1. HP: 16/16 MP: 2/2
    48 | D:1      | Reached skill level 4 in Evocations
    60 | D:1      | Reached XP level 2. HP: 22/23 MP: 3/3
   166 | D:1      | Reached XP level 3. HP: 17/28 MP: 4/4
   336 | D:1      | Reached skill level 1 in Axes
   451 | D:1      | Reached XP level 4. HP: 35/35 MP: 5/5
   484 | D:1      | Glimpsed the power of Zot.
   877 | D:2      | Reached skill level 1 in Polearms
   877 | D:2      | Reached XP level 5. HP: 41/41 MP: 6/6
  1079 | D:2      | Glimpsed the power of Zot.
  1131 | D:3      | Noticed Sigmund
  1149 | D:3      | Killed Sigmund
  1150 | D:3      | Reached skill level 5 in Evocations
  1150 | D:3      | Reached XP level 6. HP: 22/50 MP: 7/7
  1219 | D:3      | Noticed Natasha
  1222 | D:3      | Killed Natasha
  1242 | D:3      | Noticed Natasha
  1252 | D:3      | Killed Natasha
  1253 | D:3      | Reached XP level 7. HP: 29/56 MP: 8/8
  1649 | D:3      | Glimpsed the power of Zot.
  1699 | D:3      | Glimpsed the power of Zot.
  1739 | D:3      | Glimpsed the power of Zot.
  1803 | D:4      | Slain by an ogre

Illustrated notes

Levels and vault maps discovered:
D:1:      heliophobic_arrival_battle_scene, layout_loops_ring,
          dilly_ecumenical_altar_fadedgnrine
D:2:      layout_basic, nicolae_eternal_life, serial_bayou_pond_e,
          nicolae_underground_beach
D:3:      layout_basic, uniq_jessica, uniq_natasha, uniq_sigmund
D:4:      layout_rooms, nicolae_overflow_hidden_temple, lemuel_round_altar,
          palyth_stone_intersect, kennysheep_cluttered_room,
          minmay_pentomino_pile

Skill      XL: |  1  2  3  4  5 |
---------------+----------------+-----
Evocations     | 4 5 |  5.0
Axes           | 1 |  1.3
Armour         | 3 4 |  4.5
Polearms       | 1 3 |  3.5
Fighting       | 2 |  2.6
Dodging        | 2 |  2.3
Maces & Flails | |  0.2
Stealth        | |  0.6

Action                     |  1- 3 |  4- 6 |  7- 9 || total
---------------------------+-------+-------+-------++-------
  Melee: Club              |    28 |       |       ||    28
         Hand axe          |    22 |       |       ||    22
         Spear             |    25 |    56 |       ||    81
         Glaive            |       |    34 |    27 ||    61
  Evoke: Wand              |     3 |    10 |     2 ||    15
    Use: Potion            |       |     1 |       ||     1
 Armour: Leather armour    |    19 |       |       ||    19
         Ring mail         |     8 |    40 |    12 ||    60
  Dodge: Dodged            |    49 |    47 |    14 ||   110
